 Dungeon Crawl Stone Soup version 0.30-a0-1164-ge08a67761e (webtiles) character file.

Game seed: 6756572324310863526

0 graymark the Chopper (level 1, -1/19 HPs)
             Began as a Naga Gladiator on Apr 29, 2023.
             Slain by a quokka (4 damage)
             ... on level 1 of the Dungeon.
             The game lasted 00:00:23 (146 turns).

graymark the Chopper (Naga Gladiator)                Turns: 146, Time: 00:00:23

Health: -1/19      AC:  2    Str: 16    XL:     1   Next: 10%
Magic:  1/1        EV: 10    Int:  8    God:
Gold:   24         SH:  0    Dex: 12    Spells: 0/0 levels left

rFire   . . .        a - +0 war axe
rCold   . . .        (no shield)
rNeg    . . .        b - +0 leather armour
rPois   +            c - +0 helmet
rElec   .            (no cloak)
rCorr   .            (no gloves)
SInv    +            (no barding)
Will    .....        (no amulet)
Stlth   +            (no ring)
HPRegen 0.23/turn    (no ring)
MPRegen 0.07/turn

%: no passive effects
@: very slow
A: AC +0, large, see invisible, deformed body, poison resistance, slowness 2,
spit poison 1, naga tail 1
a: Spit Poison


You were on level 1 of the Dungeon.
You visited 1 branch of the dungeon, and saw 1 of its levels.

You collected 24 gold pieces.

Inventory:

Hand Weapons
 a - a +0 war axe (weapon)
Missiles
 d - 3 throwing nets (quivered)
 e - a javelin
Armour
 b - a +0 leather armour (worn)
 c - a +0 helmet (worn)
Scrolls
 g - a scroll of summoning {unknown}
 i - a scroll of immolation {unknown}
Potions
 f - a potion of curing {unknown}
 h - a potion of degeneration {unknown}


   Skills:
 + Level 2.0 Fighting
 + Level 3.0 Axes
 - Level 1.7 Throwing
 * Level 0.0 Armour
 * Level 2.4 Dodging


You couldn't memorise any spells.
You didn't know any spells.
Your spell library contained the following spells:

 Spells                   Type           Power      Damage    Failure   Level
 Blink                    Tloc           0%         N/A       63%         2
 Lesser Beckoning         Tloc           0%         N/A       63%         2
 Momentum Strike          Conj/Tloc      0%         3d8       63%         2
 Sublimation of Blood     Necr           0%         N/A       63%         2
 Wereblood                Tmut           0%         N/A       63%         2
 Summon Hydra             Summ           0%         N/A       100%        7


Dungeon Overview and Level Annotations

Branches:
Dungeon (1/15)

Altars:


Innate Abilities, Weirdness & Mutations

Your serpentine skin is tough. (AC +0)
You have supernaturally acute eyesight. (SInv)
Armour fits poorly on your strangely shaped body.
Your system is resistant to poisons. (rPois)
You cover ground very slowly.
You can spit poison.
You have a snake-like lower body.


Message History

You see here a +0 trident.
f - a pink potion You pick up a book of Blood and begin reading...
You add the spells Sublimation of Blood, Wereblood and Summon Hydra to your library.
g - a scroll labelled MEZXEI UKISES
h - an amethyst potion
i - a scroll labelled YLIACYIGRA You now have 8 gold pieces.
You now have 24 gold pieces (gained 16).
You pick up a book of Spatial Translocations and begin reading...
You add the spells Blink, Momentum Strike and Lesser Beckoning to your library.
A rat comes into view.
A rat is nearby!
A rat is nearby!
You barely miss the rat. The rat closely misses you.
You barely miss the rat. The rat bites you.
You closely miss the rat. The rat bites you. The rat closely misses you.
You barely miss the rat. The rat bites you.
You closely miss the rat. The rat misses you.
You slash the rat!
You kill the rat!
HP restored.
A quokka comes into view.
A quokka is nearby!
The quokka twitches its whiskers.
The quokka bites you.
You closely miss the quokka. The quokka bites you.
The quokka closely misses you.
You miss the quokka. The quokka misses you.
You closely miss the quokka. The quokka bites you.
The quokka barely misses you.
You completely miss the quokka. The quokka bites you.
You closely miss the quokka. The quokka bites you. x2
* * * LOW HITPOINT WARNING * * *
You are too injured to fight recklessly!
You are too injured to fight recklessly!
You are too injured to fight recklessly!
A quokka is nearby!
You closely miss the quokka. The quokka bites you.
You die...

8♣♣...♣♣.♣♣#.....#........
..♣♣♣♣.♣♣.♣♣.......####.##
♣♣...♣♣)♣♣.♣.....###
8♣♣♣..♣♣.♣.♣.....#
....♣♣.♣.♣.♣♣.#..##
.♣♣.8♣.♣.♣.8♣.#...#####.
.♣8.♣♣.♣.♣.♣♣.#.........
.♣♣...♣♣.♣.♣#.#..##..##.
♣..♣♣♣♣.♣♣.♣#.#.@# ...#
♣♣.....♣♣.♣♣#.#.r# #...
.♣♣♣♣♣♣♣.♣♣ #.#.?# #..
♣.......♣♣ #.#..# .#
♣♣♣♣8♣♣♣♣ ..#### ♣♣♣ ###


You could see a quokka.

Vanquished Creatures
  A rat (D:1)
1 creature vanquished.

Notes
Turn   | Place    | Note
-------+----------+-------------------------------------------
     0 | D:1      | graymark the Naga Gladiator began the quest for the Orb.
     0 | D:1      | Reached XP level 1. HP: 19/19 MP: 1/1
   146 | D:1      | Slain by a quokka

Illustrated notes

Levels and vault maps discovered:
D:1:      nagdon_arrival_double_spiral, layout_basic,
          chequers_serial_rivers_micro_b, minmay_misc_feat_ornament,
          minmay_tripent

Action                     || total
---------------------------++-------
  Melee: War axe           ||    12
  Dodge: Dodged            ||     6

Table legend: (Time is in decaauts)
 A = Elapsed time spent in this place.
 B = Non-inter-level travel time spent in this place.
 C = Inter-level travel time spent in this place.
 D = Time resting spent in this place.
 E = Time spent auto-exploring this place.
 F = Levels seen in this place.
 G = Mean time per level.
                   A        B        C        D        E       F      G
               +--------+--------+--------+--------+--------+-----+--------+
         Total |    194 |    194 |      0 |      0 |    160 |   1 |  194.0 |
       Dungeon |    194 |    194 |      0 |      0 |    160 |   1 |  194.0 |
               +--------+--------+--------+--------+--------+-----+--------+

Top non-repeatable levels by time:
     D:1: 194 daAuts
